Map: Bridgehead LE (Void)

Players

PinheadLarry (Astrea)

  • Race: Protoss Protoss
  • League: Diamond

qxc - Winner!

  • Race: Terran Terran
  • League: Master

Event: ASL Season 5 Prime League LOTV Beta

VOD

Have the link to the VOD?

Description

Time

  • Played on: Sept. 17, 2015, 6:38 p.m.
  • Length: 14:57

All games in this series

Show
View Real Time Build Order
Export as new Build Order

PinheadLarry Protoss 

Build Orders: 1 Gate Expand, Oracle Opening 

Get SALT Encoding   

  12  0:00  Probe (Chrono Boost)  
  13  0:10  Probe (Chrono Boost)  
  14  0:18  Pylon  
  14  0:21  Probe (Chrono Boost)  
  15  0:35  Probe (Chrono Boost)  
  15  0:38  Gateway  
  15  0:42  Assimilator  
  16  0:45  Probe (Chrono Boost)  
  17  0:55  Probe (Chrono Boost)  
  18  1:05  Probe (Chrono Boost)  
  19  1:19  Nexus  
  19  1:31  Cybernetics Core  
  19  1:32  Probe (Chrono Boost)  
  19  1:39  Assimilator  
  20  1:42  Probe (Chrono Boost)  
  21  1:47  Pylon  
  21  1:52  Probe (Chrono Boost)  
  22  1:59  Warp Gate (Chrono Boost)  
  22  2:02  Probe (Chrono Boost)  
  22  2:07  Adept (Chrono Boost)  
  25  2:12  Probe (Chrono Boost)  
  25  2:20  Stargate  
  25  2:23  Probe  
  25  2:29  Probe  
  26  2:32  Adept  
  26  2:35  Probe  
  30  2:41  Probe (Chrono Boost)  
  31  2:46  Mothership Core (Chrono Boost)  
  33  2:53  Probe  
  34  3:05  Probe x2, Pylon  
  35  3:08  Oracle (Chrono Boost)  
  39  3:17  Probe x2  
  41  3:28  Assimilator x2  
  41  3:29  Probe x2  
  41  3:32  Forge  
  43  3:41  Probe  
  44  3:42  Probe  
  44  3:47  Pylon, Void Ray (Chrono Boost)  
  45  3:53  Probe  
  45  3:54  Probe  
  51  3:58  Pylon  
  48  4:07  Probe x2  
  50  4:16  Stalker  
  52  4:19  Probe x2  
  52  4:21  Protoss Ground Armor Level 1  
  54  4:25  Photon Cannon  
  54  4:31  Probe x2  
  56  4:43  Probe x2  
  58  4:52  Fleet Beacon  
  58  4:53  Stargate  
  58  4:55  Probe  
  58  4:56  Probe  
  60  5:03  Photon Cannon  
  60  5:17  Carrier (Chrono Boost)  
  60  5:21  Gateway  
  60  5:22  Gateway  
  60  5:25  Gateway  
  60  5:41  Carrier (Chrono Boost)  
  66  5:45  Pylon  
  66  5:55  Pylon  
  66  5:57  Pylon  
  66  6:01  Graviton Catapult  
  69  6:15  Carrier (Chrono Boost)  
  69  6:21  Gateway, Adept x3  
  69  6:22  Gateway, Adept  
  77  6:30  Pylon  
  77  6:35  Carrier (Chrono Boost)  
  88  7:07  Probe x2  
  90  7:11  Nexus  
  90  7:14  Pylon  
  90  7:25  Adept x3  
  95  7:32  Carrier (Chrono Boost)  
  95  7:35  Cybernetics Core  
  99  8:11  Adept  
  101  8:18  Carrier (Chrono Boost)  
  101  8:19  Pylon  
  99  8:21  Pylon  
  99  8:26  Adept x3  
  105  8:27  Adept  
  109  8:49  Carrier (Chrono Boost)  
  109  8:53  Adept x3  
  77  9:23  Adept x4  
  85  9:29  Probe  
  85  9:30  Protoss Air Weapons Level 1  
  85  9:31  Probe x2  
  82  9:39  Probe  
  82  9:43  Probe x2  
  85  9:46  Twilight Council  
  85  9:50  Probe  
  85  9:51  Carrier (Chrono Boost)  
  85  9:55  Probe x2, Oracle (Chrono Boost)  
  90  10:02  Pylon  
  89  10:12  Carrier (Chrono Boost)  
  95  10:17  Probe x2  
  97  10:23  Templar Archives  
  103  10:35  Probe  
  103  10:37  Probe x2  
  106  10:44  Adept x2, Carrier (Chrono Boost)  
  102  11:07  Shield Upgrade  
  100  11:12  Adept x4  
  108  11:28  Pylon x2  
  108  11:29  Pylon  
  108  11:30  Pylon  
  103  11:50  Nexus  
  100  11:57  High Templar x2  
  96  12:22  Adept  
  75  12:48  Archon  
  55  13:33  Zealot x2  
  45  14:11  Templar Archives, Probe  
  45  14:13  Probe  
  39  14:24  Probe  
  39  14:26  Probe  
Show
View Real Time Build Order
Export as new Build Order

qxc Terran - Winner!

Build Orders: 1/1/1, MMM Bio 

Get SALT Encoding   

  12  0:00  SCV  
  13  0:12  SCV  
  14  0:18  Supply Depot  
  14  0:25  SCV  
  15  0:29  Refinery  
  15  0:39  SCV  
  16  0:45  Barracks  
  16  0:51  SCV  
  17  1:03  SCV  
  18  1:16  SCV  
  19  1:32  Marine, Orbital Command  
  19  1:35  Factory  
  20  1:44  Supply Depot  
  20  1:50  Marine  
  21  1:57  SCV  
  22  2:10  SCV  
  22  2:11  Barracks Reactor  
  23  2:19  Hellion  
  23  2:22  SCV  
  26  2:27  Starport  
  26  2:33  Command Center  
  26  2:36  SCV  
  27  2:42  Supply Depot  
  27  2:44  Widow Mine  
  27  2:47  Marine  
  27  2:49  Marine  
  31  3:01  Supply Depot, Refinery  
  31  3:03  SCV  
  32  3:07  Marine x2  
  34  3:15  Medivac  
  34  3:19  SCV  
  37  3:23  Hellion  
  39  3:27  Marine x2  
  39  3:31  SCV  
  42  3:43  SCV  
  42  3:45  Factory Tech Lab, Marine x2  
  45  3:51  SCV  
  45  3:52  Viking  
  48  4:04  SCV  
  48  4:09  Cyclone  
  51  4:10  Marine x2  
  51  4:12  Orbital Command  
  51  4:16  SCV  
  54  4:28  SCV, Mag-Field Accelerator, Marine x2  
  57  4:39  SCV  
  57  4:40  SCV  
  57  4:43  Supply Depot  
  59  4:47  Barracks  
  59  4:49  Barracks  
  59  4:54  SCV x2  
  59  4:57  Supply Depot  
  59  4:59  Refinery  
  61  5:05  Cyclone  
  61  5:06  SCV  
  65  5:10  SCV  
  65  5:13  Marine x2  
  68  5:18  Supply Depot, SCV  
  68  5:19  Supply Depot  
  69  5:23  SCV  
  70  5:30  SCV  
  70  5:31  Engineering Bay  
  70  5:35  SCV  
  72  5:40  Marine x2  
  72  5:41  Barracks Tech Lab, Starport Reactor  
  75  5:42  SCV  
  75  5:47  SCV  
  76  5:54  SCV  
  77  6:00  Command Center, Marauder x2  
  77  6:01  Stimpack, Marine x2  
  77  6:02  SCV  
  84  6:10  SCV  
  85  6:11  Combat Shields  
  85  6:13  Factory Reactor  
  85  6:14  SCV  
  85  6:15  Terran Infantry Weapons Level 1  
  85  6:17  Supply Depot  
  85  6:18  Refinery  
  86  6:22  SCV, Medivac  
  89  6:25  Marine  
  89  6:26  Marine  
  89  6:29  Marauder  
  89  6:30  SCV  
  94  6:35  Supply Depot  
  94  6:38  Marauder  
  96  6:42  SCV  
  95  6:48  Medivac  
  95  6:50  Marine x2  
  95  6:52  SCV, Marauder  
  100  6:54  Medivac  
  100  6:57  SCV  
  100  7:00  Supply Depot x2  
  103  7:04  SCV  
  104  7:09  SCV  
  104  7:10  Widow Mine  
  104  7:11  Barracks  
  104  7:12  Barracks  
  107  7:16  SCV  
  107  7:20  Marine x4  
  107  7:21  SCV  
  113  7:28  Viking  
  113  7:29  SCV  
  116  7:33  SCV, Viking  
  119  7:41  SCV  
  115  7:49  SCV  
  105  7:54  SCV  
  105  7:57  Marauder x2, Marine x2  
  108  8:00  Barracks Reactor, Barracks Tech Lab  
  108  8:01  SCV  
  108  8:03  Viking  
  108  8:04  Viking  
  112  8:06  SCV  
  112  8:15  Marine  
  112  8:19  Marauder x2  
  117  8:23  Missile Turret  
  117  8:25  Missile Turret  
  117  8:28  Orbital Command  
  117  8:29  SCV x2  
  117  8:32  Marine  
  118  8:41  SCV  
  118  8:44  SCV  
  118  8:48  Viking x2  
  116  8:53  SCV, Marine x5  
  116  8:54  Marine x2  
  109  8:56  SCV  
  109  8:58  SCV  
  104  9:05  SCV  
  104  9:08  SCV  
  100  9:11  Terran Infantry Armor Level 1, Marine x6  
  100  9:15  Marine  
  106  9:17  SCV  
  106  9:20  SCV  
  106  9:21  Viking  
  106  9:25  Viking  
  106  9:28  Marine  
  106  9:29  Marine x5  
  106  9:31  SCV x2  
  114  9:34  Widow Mine x2, Marauder  
  114  9:36  SCV  
  122  9:46  Marine x2  
  122  9:47  Marauder  
  122  9:48  Marauder  
  127  10:03  Command Center  
  126  10:10  Viking x2  
  129  10:17  Widow Mine x2  
  129  10:20  Command Center  
  133  10:25  Barracks  
  133  10:26  Barracks  
  131  10:39  Marauder x3, Ghost Academy, Marine x3  
  131  10:41  Armory, Engineering Bay  
  140  10:55  Marine  
  140  10:56  Marine  
  140  11:00  Marauder  
  140  11:01  Marauder  
  140  11:11  Marine  
  140  11:15  Marauder, Viking x2, Marine  
  140  11:18  Barracks Reactor  
  134  11:26  Planetary Fortress  
  134  11:28  Barracks Tech Lab  
  134  11:30  Missile Turret, Marine x2  
  134  11:31  Missile Turret x2, Widow Mine x2  
  140  11:33  Terran Infantry Weapons Level 2, Terran Infantry Armor Level 2  
  140  11:35  Ghost  
  140  11:40  Ghost  
  140  11:45  Terran Vehicle And Ship Armor Level 1  
  140  11:46  Ghost  
  144  11:56  Ghost  
  144  11:57  Marine x2  
  144  11:59  Widow Mine  
  144  12:00  Widow Mine  
  151  12:03  Marine x2  
  151  12:04  Ghost  
  136  12:18  Viking x2  
  131  12:29  Ghost, Marine  
  122  12:30  Marine x2  
  122  12:32  Widow Mine  
  121  12:40  Widow Mine  
  121  12:46  SCV x4  
  121  12:49  Orbital Command  
  122  12:58  SCV x3  
  115  13:02  Viking  
  106  13:07  Marine  
  106  13:08  Marine x5  
  106  13:09  Marine  
  101  13:17  Marine x3  
  98  13:25  SCV, Marine x3  
  98  13:26  Marine x3  
  102  13:32  Marine  
  102  13:33  SCV  
  101  13:34  Marine x2  
  101  13:35  Marine  
  101  13:39  SCV  
  101  13:40  SCV  
  93  13:43  Marine x4  
  93  13:44  Marine x2  
  84  13:49  SCV  
  84  13:50  Marine  
  84  13:52  Marine x2  
  84  13:53  Marine  
  86  14:00  SCV  
  86  14:01  Marine x5  
  86  14:02  Marine  
  87  14:07  Marine  
  83  14:10  Marine x2  
  83  14:11  Marine  
  83  14:16  SCV x2  
  85  14:18  SCV  
  85  14:19  Marine x6  
  85  14:24  SCV  
  89  14:25  Marine  
  89  14:28  Marine x2  
  92  14:32  SCV  
  92  14:35  Marauder  
  92  14:36  SCV x2  
  92  14:37  SCV, Marine x3  
  101  14:43  SCV  
  101  14:44  SCV  
Tags
 
Add a new tag
Caveats
  • Supply blocks, unpowered buildings, or Contaminate may cause inaccurate times.
  • Supply counts are checked every 10 seconds.